 Dungeon Sprint DCSS version 0.28.0-43-g3370ac3207 (webtiles) character file.

Game seed: 325277700298040415

33978 boopmooplesden the Executioner (level 13, -2/134 HPs)
             Began as a Minotaur Berserker on Mar 10, 2022.
             Was the Champion of Trog.
             Slain by an Orb Guardian (17 damage)
             ... in the Dungeon (Sprint II: "The Violet Keep of Menkaure").
             The game lasted 00:12:46 (3076 turns).

boopmooplesden the Executioner (Minotaur Berserker) Turns: 3076, Time: 00:12:47

Health: -2/134     AC: 13    Str: 23    XL:     13   Next: 39%
Magic:  6/9        EV: 16    Int:  4    God:    Trog [******]
Gold:   2580       SH: 18    Dex: 12    Spells: 12/12 levels left

rFire   + + .      SeeInvis .   y - +5 war axe (flame)
rCold   + + +      Faith    .   s - +4 kite shield
rNeg    . . .      Spirit   .   i - +2 ring mail "Xedgh" {rC+++ Dex+2}
rPois   +          Reflect  .   D - +0 hat {Will+}
rElec   .          Harm     .   (no cloak)
rCorr   +          Rampage  +   v - +0 pair of gloves of Classification {Rampage rF+}
Will    +....      Rage     1%  d - +2 pair of boots of the Fiddle {-Cast rF+ rCorr Dex+2}
Stlth   +......... NoTele   +   (no amulet)
HPRegen 0.32/turn  NoCast   +   j - ring "Gounyd" {+Blink rPois Str+2}
MPRegen 0.11/turn               (no ring)

@: on berserk cooldown, slowed, unable to read, very slow
A: horns 2, retaliatory headbutt, berserk 1, clumsy 2, deformed body,
deterioration 1, frail 1, low MP 2, poison resistance, weak 2, wild magic 1, no
potion heal 1, inability to read while threatened
0: Orb of Zot
a: Renounce Religion, Evoke Blink, Berserk, Trog's Hand, Brothers in Arms


You were in the Dungeon.
You worshipped Trog.
Trog was exalted by your worship.
You visited 1 branch You collected 4213 gold pieces.
You spent 1633 gold pieces at shops.

Inventory:

Hand Weapons
 a - a +0 hand axe
 c - a +2 war axe of electrocution
 n - a +4 executioner's axe of draining
 y - a +5 war axe of flaming (weapon)
 E - the +8 lajatang of the World {vorpal, Str+4}
   (Trog gifted it to you in the Dungeon)

   It inflicts extra damage upon your enemies.
   Str:       It affects your strength (+4).
 J - the +8 lance "Wyrmbane" {slay drac, rPois rF+ rC+ AC+3}
   (You found it in the Dungeon)

   It inflicts extra damage against dragons and draconians.
   AC:        It affects your AC (+3).
   rF:        It protects you from fire.
   rC:        It protects you from cold.
   rPois:     It protects you from poison.
 L - the +1 broad axe of Zebros {venom, Fragile Will+ Stlth+}
   (You acquired it in the Dungeon)

   It poisons the flesh of those it strikes.
   Fragile:   It will be destroyed if unequipped.
   Will:      It increases your willpower.
   Stlth:     It makes you more stealthy.
Armour
 b - a +0 animal skin
 d - the +2 pair of boots of the Fiddle (worn) {-Cast rF+ rCorr Dex+2}
   (You bought it in a shop in the Dungeon)

   Dex:       It affects your dexterity (+2).
   rF:        It protects you from fire.
   -Cast:     It prevents spellcasting.
   rCorr:     It protects you from acid and corrosion.
 i - the +2 ring mail "Xedgh" (worn) {rC+++ Dex+2}
   (You bought it in a shop in the Dungeon)

   Dex:       It affects your dexterity (+2).
   rC:        It renders you almost immune to cold.
 k - quicksilver dragon scales
 p - the +6 chain mail "Ynefiese" {rN+ Will+ rCorr Dex+3}
   (You acquired it in the Dungeon)

   Dex:       It affects your dexterity (+3).
   rN:        It protects you from negative energy.
   rCorr:     It protects you from acid and corrosion.
   Will:      It increases your willpower.
 s - a +4 kite shield (worn)
 v - the +0 pair of gloves of Classification (worn) {Rampage rF+}
   (You acquired it in the Dungeon)

   rF:        It protects you from fire.
   Rampage:   It bestows one free step when moving towards enemies.
 C - the +4 Cigotuvi's embrace {rMiasma Drain rN+}
   (You bought it in a shop in the Dungeon)

   It gathers nearby corpses to temporarily increase the armour it provides.
   It protects you from foul pestilence.
   rN:        It protects you from negative energy.
   Drain:     It drains your maximum health when unequipped.
 D - a +0 hat of willpower (worn)
Jewellery
 j - the ring "Gounyd" (left hand) {+Blink rPois Str+2}
   (You bought it in a shop in the Dungeon)

   [ring of poison resistance]

   Str:       It affects your strength (+2).
   rPois:     It protects you from poison.
   +Blink:    It lets you blink.
 B - an amulet of magic regeneration
 G - a ring of positive energy
 H - a +6 ring of dexterity
 I - a ring of fire
 K - a ring of ice
 N - a +4 ring of protection
Scrolls
 h - a scroll of blinking
 r - a scroll of silence
 M - a scroll of fear
Potions
 e - 6 potions of haste
 f - 14 potions of magic
 g - a potion of berserk rage
 l - a potion of lignification {unknown}
 m - 27 potions of mutation {unknown}
 o - a potion of invisibility {unknown}
 q - 2 potions of degeneration {unknown}
 t - 2 potions of heal wounds
 u - a potion of attraction {unknown}
 w - 2 potions of resistance
 x - 6 potions of flight
 z - 3 potions of curing
 A - 2 potions of brilliance


   Skills:
 + Level 23.7 Fighting
 + Level 24.9 Axes
 + Level 15.9 Armour
 + Level 13.6 Dodging
 + Level 3.3 Stealth
 + Level 18.1 Shields


You had 12 spell levels left.
You didn't know any spells.
Your spell library was empty.

Dungeon Overview and Level Annotations

Branches:
Dungeon (1/1)

Altars:
Cheibriados
Dithmenos
Elyvilon
Fedhas
Gozag
Hepliaklqana
Kikubaaqudgha
Makhleb
Nemelex Xobeh
Okawaru
Qazlal
Ru
Sif Muna
Trog
Uskayaw
Vehumet
Wu Jian
Xom
Yredelemnul
Zin
The Shining One
Beogh
Jiyva
Lugonu

Shops:
D =[:*=:![[?!!((?(!(=*(=:[:?:::

Annotations:
D exclusions: obsidian statue, oklob plant and orange crystal statue


Innate Abilities, Weirdness & Mutations

You have a pair of horns on your head.
You reflexively headbutt those who attack you in melee.
You tend to lose your temper in combat.
You are very clumsy. (Dex -4)
Armour fits poorly on your strangely shaped body.
Your body sometimes deteriorates upon taking damage.
You are frail. (-10% HP)
Your magical capacity is very low. (-20% MP)
Your system is resistant to poisons. (rPois)
You are very weak. (Str -4)
Your spells are a little harder to cast, but a little more powerful.
Potions are less effective at restoring your health.
You sometimes lose the ability to read scrolls when taking damage.


Message History

You closely miss Murray. Your headbutt misses Murray.
Murray is almost destroyed.
You block Murray's attack. Murray barely misses you.
You hit Murray but do no damage. You headbutt Murray, but do no damage.
Murray is almost destroyed.
Murray barely misses you. You block Murray's attack.
Murray rattles his jaw.
You hit Murray.
Murray is almost destroyed.
Your attacks no longer feel as feeble.
Murray rattles his jaw.
You closely miss Murray.
Murray is almost destroyed.
Murray calls on the powers of darkness!
Your body is wracked with pain!
You slice Murray!!
You destroy Murray!
Trog accepts your kill.
The mummy disappears in a puff of smoke!
Reactivating autopickup.
Your life force feels restored.
An Orb Guardian comes into view.
There is an open door here.
The Orb Guardian hits you but does no damage.
You're still recovering from your berserk rage.
You slice the Orb Guardian!! You burn the Orb Guardian!
The Orb Guardian is moderately wounded.
The Orb Guardian hits you!!!
You feel threatened and lose the ability to read scrolls!
* * * LOW HITPOINT WARNING * * *
The Orb Guardian hits you but does no damage.
You barely miss the Orb Guardian.
The Orb Guardian is moderately wounded.
The Orb Guardian hits you!
* * * LOW HITPOINT WARNING * * *
You hit the Orb Guardian but do no damage.
Your headbutt misses the Orb Guardian.
The Orb Guardian is moderately wounded.
You block the Orb Guardian's attack. The Orb Guardian hits you!
You die...

▓▓▓▓▓▓▓▓▓▓▓▓▓▓▓▓▓▓▓▓▓▓
+...'..♣♣.....♣♣^....♣
▓...▓@♣♣†.♣^..♣♣...♣.♣
▓.▓▓▓X♣♣..♣♣..♣♣..♣♣..
▓...▓.♣♣..♣♣.÷♣...♣♣..
▓▓+▓▓▓▓.▓.♣...♣♣....).♣♣..
+°○.▓...▓.....▓▓▓▓▓▓▓▓▓▓''
#°°.▓▓▓▓▓▓▓▓▓▓▓ ▓....§
#...▓≈≈≈≈§≈≈≈▓▓ ▓.''''
#}:▓▓▓▓▓▓▓▓▓▓▓ ▓.'≈).
#°)▓.....[..▓▓ ▓.'≈).


You could see an Orb Guardian.

Vanquished Creatures
  A deep elf blademaster (D)
  3 quicksilver dragons (D)
  Murray (D)
  Gastronok (D)
  2 sphinxes (D)
  A kraken (D)
  Kirke (D)
  3 lorocyprocas (D)
  A dire elephant (D)
  A yaktaur captain (D)
  A great orb of eyes (D)
  A centaur warrior (D)
  A skeletal warrior (D)
  3 sixfirhies (D)
  2 deep trolls (D)
  A harpy (D)
  3 orc sorcerers (D)
  15 shining eyes (D)
  An elephant (D)
  An ice statue (D)
  A merfolk siren (D)
  An eye of devastation (D)
  A kobold demonologist (D)
  A yaktaur (D)
  5 polar bears (D)
  A blink frog (D)
  A hornet (D)
  6 flying skulls (D)
  2 wyverns (D)
  2 redbacks (D)
  Menkaure (D)
  4 neqoxecs (D)
  5 water moccasins (D)
  10 floating eyes (D)
  3 black bears (D)
  5 necrophages (D)
  4 lava snakes (D)
  A jelly (D)
  An iron imp (D)
  3 tentacles (D)
102 creatures vanquished.

Vanquished Creatures (others)
  2 ballistomycete spores (D)
  6 tentacles (D)
8 creatures vanquished.

Grand Total: 110 creatures vanquished

Notes
Turn   | Place    | Note
-------+----------+-------------------------------------------
     0 | D        | boopmooplesden the Minotaur Berserker began the quest for
                  | the Orb.
     0 | D        | Reached XP level 1. HP: 19/19 MP: 0/0
     1 | D        | Noticed a neqoxec
     4 | D        | Noticed a neqoxec
     7 | D        | Gained mutation: You are frail. (-10% HP) [a neqoxec]
     9 | D        | Killed a neqoxec
    10 | D        | Reached skill level 8 in Axes
    10 | D        | Reached XP level 2. HP: 31/31 MP: 1/1
    10 | D        | Reached XP level 3. HP: 36/36 MP: 2/2
    10 | D        | Reached XP level 4. HP: 43/43 MP: 3/3
    14 | D        | Lost mutation: You are frail. (-10% HP) [a neqoxec]
    15 | D        | Killed a neqoxec
    16 | D        | Reached skill level 10 in Axes
    16 | D        | Reached XP level 5. HP: 58/58 MP: 4/4
    17 | D        | Noticed a neqoxec
    17 | D        | Noticed a neqoxec
    19 | D        | Gained mutation: You tend to lose your temper in combat. [a
                  | neqoxec]
    22 | D        | Killed a neqoxec
    22 | D        | Reached ** piety under Trog
    23 | D        | Reached skill level 11 in Axes
    23 | D        | Reached skill level 5 in Armour
    23 | D        | Reached skill level 5 in Dodging
    23 | D        | Reached XP level 6. HP: 68/68 MP: 5/5
    23 | D        | Noticed an orange crystal statue
    28 | D        | Killed a neqoxec
    58 | D        | Noticed a wyvern
    58 | D        | Noticed a wyvern
    63 | D        | Killed a wyvern
    64 | D        | Reached skill level 12 in Axes
    64 | D        | Reached XP level 7. HP: 26/77 MP: 6/6
    68 | D        | Killed a wyvern
    68 | D        | Reached *** piety under Trog
    69 | D        | Reached skill level 13 in Axes
    91 | D        | Noticed Menkaure
   110 | D        | Killed Menkaure
   142 | D        | Reached **** piety under Trog
   143 | D        | Reached XP level 8. HP: 21/86 MP: 7/7
   415 | D        | Reached skill level 14 in Axes
   423 | D        | Reached ***** piety under Trog
   465 | D        | Noticed a merfolk siren
   471 | D        | Killed a merfolk siren
   472 | D        | Reached skill level 15 in Axes
   477 | D        | Found Leminkon's Book Shop.
   477 | D        | Found Jodyomma's Antique Armour Boutique.
   477 | D        | Found Abiliw's Book Shop.
   477 | D        | Found Niabotav's Antique Weapon Boutique.
   477 | D        | Found Vent's Jewellery Shop.
   477 | D        | Found Ofyseosu's Distillery.
   478 | D        | Found Ybentaes's Antique Weapon Boutique.
   478 | D        | Found Howowut's Antique Weapon Shop.
   478 | D        | Found Cuzulu's Distillery.
   478 | D        | Found Kiri's Book Shop.
   479 | D        | Found Masenucw's Antique Armour Shop.
   479 | D        | Found Fyahett's Armour Boutique.
   480 | D        | Found Kyennath's Magic Scroll Boutique.
   480 | D        | Found Zatanku's Jewellery Shop.
   485 | D        | Noticed a blink frog
   498 | D        | Noticed an oklob plant
   498 | D        | Noticed a manticore
   500 | D        | Noticed a manticore
   502 | D        | Killed a blink frog
   507 | D        | Found Zoowosaa's Book Shoppe.
   507 | D        | Noticed a manticore
   511 | D        | Noticed a slime creature
   515 | D        | Bought a glowing war axe for 136 gold pieces
   517 | D        | Bought a pair of translucent boots for 218 gold pieces
   517 | D        | Identified the +2 pair of boots of the Fiddle {-Cast rF+
                  | rCorr Dex+2} (You bought it in a shop in the Dungeon)
   517 | D        | Bought a jewelled ring mail for 207 gold pieces
   517 | D        | Identified the +2 ring mail "Xedgh" {rC+++ Dex+2} (You
                  | bought it in a shop in the Dungeon)
   537 | D        | Bought the ring "Gounyd" {+Blink rPois Str+2} for 382 gold
                  | pieces
   651 | D        | Found a glowing golden altar of the Shining One.
   651 | D        | Found an ornate altar of the Wu Jian Council.
   652 | D        | Found a shimmering altar of Xom.
   652 | D        | Found a sacrificial altar of Ru.
   653 | D        | Found a basalt altar of Yredelemnul.
   653 | D        | Found a shimmering blue altar of Sif Muna.
   654 | D        | Found a glowing silver altar of Zin.
   654 | D        | Found a bloodstained altar of Trog.
   654 | D        | Found an ancient bone altar of Kikubaaqudgha.
   654 | D        | Found a stormy altar of Qazlal.
   654 | D        | Found a viscous altar of Jiyva.
   655 | D        | Found a hide-covered altar of Uskayaw.
   655 | D        | Found a corrupted altar of Lugonu.
   655 | D        | Found a shadowy altar of Dithmenos.
   656 | D        | Found a radiant altar of Vehumet.
   656 | D        | Found a burning altar of Makhleb.
   656 | D        | Found a white marble altar of Elyvilon.
   657 | D        | Found a sparkling altar of Nemelex Xobeh.
   657 | D        | Found a blossoming altar of Fedhas.
   658 | D        | Found an iron altar of Okawaru.
   658 | D        | Found an opulent altar of Gozag.
   659 | D        | Noticed a yaktaur
   659 | D        | Noticed a hornet
   659 | D        | Noticed a polar bear
   659 | D        | Noticed a polar bear
   661 | D        | Killed a polar bear
   661 | D        | Noticed a polar bear
   662 | D        | Reached skill level 15 in Fighting
   662 | D        | Reached XP level 9. HP: 97/97 MP: 8/8
   663 | D        | Killed a polar bear
   664 | D        | Reached skill level 16 in Axes
   665 | D        | Killed a polar bear
   670 | D        | Killed a yaktaur
   671 | D        | Reached skill level 17 in Axes
   686 | D        | Noticed a kraken
   693 | D        | Received a gift from Trog
   701 | D        | Found a snail-covered altar of Cheibriados.
   757 | D        | Noticed a deep troll
   760 | D        | Noticed a deep troll
   762 | D        | Killed a deep troll
   763 | D        | Reached skill level 10 in Dodging
   765 | D        | Killed a deep troll
   766 | D        | Reached skill level 18 in Axes
   766 | D        | Reached skill level 1 in Stealth
   766 | D        | Reached XP level 10. HP: 111/111 MP: 9/9
   801 | D        | Found a hazy altar of Hepliaklqana.
   979 | D        | Identified 4 scrolls of acquirement
   979 | D        | Acquired the +6 chain mail "Ynefiese" {rN+ Will+ rCorr
                  | Dex+3}
   991 | D        | Acquired a manual of Shields
   995 | D        | Acquired a +4 executioner's axe of draining
   996 | D        | Acquired the +0 pair of gloves of Classification {Rampage
                  | rF+}
  1021 | D        | Killed a kraken
  1078 | D        | Noticed Kirke
  1078 | D        | Noticed a skeletal warrior
  1078 | D        | Noticed a yaktaur captain
  1088 | D        | Noticed an elephant
  1092 | D        | Killed a skeletal warrior
  1093 | D        | Reached skill level 19 in Axes
  1093 | D        | Reached skill level 1 in Shields
  1094 | D        | Noticed a centaur warrior
  1096 | D        | Killed a yaktaur captain
  1096 | D        | Reached ****** piety under Trog
  1099 | D        | Killed an elephant
  1100 | D        | Noticed a shining eye
  1102 | D        | Killed a centaur warrior
  1103 | D        | Reached skill level 10 in Armour
  1103 | D        | Noticed a smoke demon
  1125 | D        | Noticed a lindwurm
  1125 | D        | Killed Kirke
  1126 | D        | Reached skill level 20 in Axes
  1126 | D        | Reached XP level 11. HP: 111/121 MP: 10/10
  1128 | D        | Noticed a shining eye
  1131 | D        | Gained mutation: You are clumsy. (Dex -2) [a shining eye]
  1132 | D        | Killed a shining eye
  1133 | D        | Reached skill level 5 in Shields
  1134 | D        | Killed a shining eye
  1145 | D        | Noticed a shining eye
  1149 | D        | Gained mutation: Your body sometimes deteriorates upon
                  | taking damage. [a shining eye]
  1159 | D        | Killed a shining eye
  1159 | D        | Received a gift from Trog
  1189 | D        | Noticed a great orb of eyes
  1203 | D        | Killed a great orb of eyes
  1203 | D        | Received a gift from Trog
  1204 | D        | Reached skill level 21 in Axes
  1222 | D        | Found Hior's Jewellery Emporium.
  1222 | D        | Found Ixkuxyj's Antique Armour Shop.
  1223 | D        | Found Mutost's General Store.
  1223 | D        | Found Loosmosh's Book Shoppe.
  1223 | D        | Found Soaxes's Magic Scroll Boutique.
  1223 | D        | Found Syby's Magic Scroll Emporium.
  1223 | D        | Found Erovenla's General Store.
  1223 | D        | Found Leum's Jewellery Shoppe.
  1223 | D        | Found Giut's Distillery.
  1223 | D        | Found Gypnoam's Distillery.
  1223 | D        | Found Ziloschiwn's Antique Weapon Shop.
  1223 | D        | Found Qinali's Weapon Shoppe.
  1226 | D        | Bought the +4 Cigotuvi's embrace {rMiasma Drain rN+} for
                  | 690 gold pieces
  1226 | D        | Found the +4 Cigotuvi's embrace {rMiasma Drain rN+}
  1261 | D        | Noticed an obsidian statue
  1308 | D        | Noticed a sphinx
  1308 | D        | Noticed a sphinx
  1314 | D        | Killed a sphinx
  1314 | D        | Killed a sphinx
  1315 | D        | Reached skill level 10 in Shields
  1360 | D        | Noticed a sixfirhy
  1363 | D        | Noticed a sixfirhy
  1369 | D        | Noticed a sixfirhy
  1376 | D        | Found How Vigyago's Book Shoppe.
  1377 | D        | Found Kaeloes's Book Boutique.
  1436 | D        | Identified the +8 hand crossbow of Suelomez {freeze, rPois
                  | Str-2 Int+4 Dex+2}
  1663 | D        | Received a gift from Trog
  1669 | D        | Killed a sixfirhy
  1670 | D        | Killed a sixfirhy
  1677 | D        | Killed a sixfirhy
  1678 | D        | Reached XP level 12. HP: 134/134 MP: 11/11
  1705 | D        | Noticed Gastronok
  1711 | D        | Killed Gastronok
  1712 | D        | Reached skill level 22 in Axes
  1821 | D        | Noticed a dire elephant
  1828 | D        | Killed a dire elephant
  1833 | D        | Identified the +8 lajatang of the World {vorpal, Str+4}
                  | (Trog gifted it to you in the Dungeon)
  1833 | D        | Received a gift from Trog
  1839 | D        | Found the +8 lance "Wyrmbane" {slay drac, rPois rF+ rC+
                  | AC+3}
  1841 | D        | Found the +7 great mace "Firestarter" {inner flame, rF++}
  1866 | D        | Identified the +6 leather armour "Damnable Contraption"
                  | {rElec Str+4 Int-4}
  1904 | D        | Acquired 692 gold pieces
  1908 | D        | Acquired the +1 broad axe of Zebros {venom, Fragile Will+
                  | Stlth+}
  1914 | D        | Acquired the +15 Maxwell's patent armour {-Cast -Tele rElec
                  | Will+ rCorr}
  1914 | D        | Found the +15 Maxwell's patent armour {-Cast -Tele rElec
                  | Will+ rCorr}
  2050 | D        | Noticed a deep elf blademaster
  2066 | D        | Killed a deep elf blademaster
  2067 | D        | Reached skill level 15 in Shields
  2073 | D        | Reached skill level 23 in Axes
  2254 | D        | Received a gift from Trog
  2254 | D        | Gained mutation: Your magical capacity is low. (-10% MP) [a
                  | shining eye]
  2255 | D        | Gained mutation: You are weak. (Str -2) [a shining eye]
  2255 | D        | Gained mutation: Your spells are a little harder to cast,
                  | but a little more powerful. [a shining eye]
  2256 | D        | Gained mutation: You sometimes lose the ability to read
                  | scrolls when taking damage. [a shining eye]
  2256 | D        | Paralysed by a floating eye for 3 turns
  2257 | D        | Gained mutation: Your system is resistant to poisons.
                  | (rPois) [a shining eye]
  2259 | D        | Gained mutation: You are very weak. (Str -4) [a shining
                  | eye]
  2260 | D        | Received a gift from Trog
  2260 | D        | Gained mutation: You are very clumsy. (Dex -4) [a shining
                  | eye]
  2260 | D        | Gained mutation: Armour fits poorly on your strangely
                  | shaped body. [a shining eye]
  2264 | D        | Received a gift from Trog
  2266 | D        | Gained mutation: You are frail. (-10% HP) [a shining eye]
  2266 | D        | Gained mutation: Your magical capacity is very low. (-20%
                  | MP) [a shining eye]
  2274 | D        | Reached XP level 13. HP: 131/131 MP: 9/9
  2275 | D        | Gained mutation: Potions are less effective at restoring
                  | your health. [a shining eye]
  2277 | D        | Reached skill level 24 in Axes
  2277 | D        | Reached skill level 15 in Armour
  2470 | D        | Killed a lorocyproca
  2470 | D        | Received a gift from Trog
  2479 | D        | Killed a lorocyproca
  2483 | D        | Noticed a quicksilver dragon
  2492 | D        | Killed a quicksilver dragon
  2786 | D        | Noticed a quicksilver dragon
  2786 | D        | Noticed a quicksilver dragon
  2791 | D        | Killed a quicksilver dragon
  2798 | D        | Killed a lorocyproca
  2803 | D        | Killed a quicksilver dragon
  3031 | D        | Noticed Murray
  3034 | D        | Got the Orb of Zot
  3064 | D        | Killed Murray
  3072 | D        | Noticed an Orb Guardian
  3076 | D        | Slain by an Orb Guardian

Illustrated notes

Levels and vault maps discovered:
D:        the_violet_keep_of_menkaure [sprint2_stairs_cluster_1,
          sprint2_shoproom, sprint2_temple, sprint2_basic_supplies,
          sprint2_obstacle_3, sprint2_obstacle_5, sprint2_obstacle_4,
          sprint2_obstacle_6, sprint2_obstacle_2, sprint2_timed_cluster_1,
          sprint2_smallroom_cluster_1, sprint2_smallroom_final_cluster_1,
          sprint2_transparent_cluster_1, sprint2_second_timed_cluster_1,
          sprint2_sniper_area_1, sprint2_heavy_combat_area_1,
          sprint2_mutation_trap_area_1, sprint2_forest_area_1,
          sprint2_light_combat_area_1, sprint2_behind_water_1,
          sprint2_near_end_vault_1]

Skill      XL: |  1  2  3  4  5  6  7  8  9 10 11 12 13 |
---------------+----------------------------------------+-----
Fighting       | 8 9 11 12 13 15 17 18 20 22 23 | 23.7
Axes           | 8 10 11 12 13 15 18 20 21 23 24 | 24.9
Armour         | 4 5 6 7 8 10 13 14 15 | 15.9
Dodging        | 4 5 6 7 8 10 11 12 13 | 13.6
Stealth        | 1 2 3 |  3.3
Shields        | 4 12 17 18 | 18.1

Action                   |  1- 3 |  4- 6 |  7- 9 | 10-12 | 13-15 || total
-------------------------+-------+-------+-------+-------+-------++-------
Melee: Hand axe          |     6 |    20 |    42 |       |       ||    68
       Headbutt          |       |     6 |    13 |    34 |    15 ||    68
       War axe           |       |       |    24 |   177 |    71 ||   272
Invok: Berserk           |     1 |       |     3 |     8 |     2 ||    14
  Use: Potion            |       |       |     2 |     4 |       ||     6
       Scroll            |       |       |       |    13 |     4 ||    17
Armor: Animal skin       |       |       |     3 |       |       ||     3
       Ring mail         |       |       |    12 |     8 |    12 ||    32
       Chain mail        |       |       |       |    25 |       ||    25
Dodge: Dodged            |     2 |     5 |    33 |    39 |    21 ||   100
Block: Kite shield       |       |       |       |    82 |    29 ||   111
